 Dungeon Crawl Stone Soup version 0.27-a0-1555-g0e7b3fb1d2 (webtiles) character file.

Game seed: 16244094630477110045

28 blackman the Chopper (level 3, -1/27 HPs)
             Began as a Human Wanderer on July 14, 2021.
             Slain by an adder (2 damage)
             ... on level 1 of the Dungeon.
             The game lasted 00:02:55 (1728 turns).

blackman the Chopper (Human Wanderer)               Turns: 1728, Time: 00:02:55

Health: -1/27      AC:  5    Str:  9    XL:     3   Next: 27%
Magic:  3/3        EV:  8    Int: 16    God:
Gold:   42         SH:  0    Dex: 12    Spells: 2/2 levels left

rFire    . . .     SeeInvis .   a - +0 club
rCold    . . .     Faith    .   (no shield)
rNeg     . . .     Spirit   .   b - +2 scale mail
rPois    .         Reflect  .   (no helmet)
rElec    .         Harm     .   (no cloak)
rCorr    .         Rampage  .   (no gloves)
Will     .....                  (no boots)
Stlth    ..........             (no amulet)
HPRegen  0.09/turn              (no ring)
MPRegen  0.08/turn              (no ring)

@: no status effects
A: agile 1, deformed body, weak 1
a: no special abilities


You were on level 1 of the Dungeon.
You visited 1 branch of the dungeon, and saw 2 of its levels.

You collected 42 gold pieces.

Inventory:

Hand Weapons
 a - a +0 club (weapon)
Missiles
 c - 7 javelins (quivered)
Armour
 b - a +2 scale mail (worn)
Scrolls
 d - a scroll of enchant weapon {unknown}
 f - a scroll of amnesia {unknown}
 g - a scroll of brand weapon {unknown}


   Skills:
 - Level 2.0 Fighting
 * Level 4.2 Axes
 - Level 3.0 Armour
 - Level 2.0 Evocations


You had 2 spell levels left.
You didn't know any spells.
Your spell library contained the following spells:

 Spells                   Type           Power      Damage    Failure   Level
 Freeze                   Ice            0%         1d3       88%         1
 Magic Dart               Conj           0%         1d3       88%         1
 Frozen Ramparts          Ice            0%         1d2       99%         3
 Stone Arrow              Conj/Erth      0%         3d7       99%         3


Dungeon Overview and Level Annotations

Branches:
Dungeon (2/15)

Altars:

Shops:
D:1 *


Innate Abilities, Weirdness & Mutations

You are agile. (Dex +2)
Armour fits poorly on your strangely shaped body.
You are weak. (Str -2)


Message History

The giant cockroach barely misses you. The adder bites you but does no damage.
There is a stone staircase leading up here.
The hobgoblin hits you but does no damage.
The adder bites you but does no damage. The giant cockroach closely misses you.
You climb upwards.
There is a stone staircase leading down, spattered with blood here.
The hobgoblin hits you but does no damage.
The hobgoblin hits you. The adder closely misses you.
The giant cockroach closely misses you. The adder bites you.
You completely miss the adder. The adder bites you but does no damage.
You hit the adder but do no damage. The adder bites you.
The adder bites you but does no damage.
You closely miss the adder. The adder barely misses you.
You closely miss the adder. The adder bites you but does no damage.
The adder bites you.
You are poisoned.
The adder poisons you!
You miss the adder.
You feel sick. The adder bites you.
Your scale mail prevents you from hitting the adder.
You feel sick. The adder barely misses you. The adder bites you.
You closely miss the adder.
You feel sick. The adder closely misses you.
You closely miss the adder.
You feel sick.
The adder bites you but does no damage. x2
You barely miss the adder.
You feel sick.
You are no longer poisoned.
The adder barely misses you.
You hit the adder but do no damage. The adder barely misses you.
The adder bites you but does no damage.
You closely miss the adder. The adder bites you.
* * * LOW HITPOINT WARNING * * *
The adder bites you.
* * * LOW HITPOINT WARNING * * *
You hit the adder.
The adder is moderately wounded.
The adder barely misses you.
You barely miss the adder.
The adder is moderately wounded.
The adder bites you.
You die...

≈...<....## #.#####.
≈.(.......# #.# #.
#.........# #.# #.
####..##..# ##.## #.
#..##.### ##...## #^
#.......# ####.#.#.###.
##.####.# ##...[........ #.#
#.#########...#.#.#.#... #.#
#...)..@SBg...>#........
#.####..########....######...
#.......#########.#.# #...
#.................#.# ###.
#.#####.#####.##.##.########.
#.# #.# #................ #.#
#.# #.##.##.######### #.# #÷#
#.##......####### #.# #.#
##.#####.#........


You could see an adder, a giant cockroach and a hobgoblin.

Vanquished Creatures
  An endoplasm (D:1)
  2 giant cockroaches (D:1)
  3 goblins (D:1)
  5 hobgoblins (D:1)
  A quokka (D:1)
  2 ball pythons
  2 bats (D:1)
  2 frilled lizards (D:1)
  4 kobolds (D:1)
  2 rats (D:1)
24 creatures vanquished.

Vanquished Creatures (others)
  A plant (D:1)
1 creature vanquished.

Grand Total: 25 creatures vanquished

Notes
Turn   | Place    | Note
-------+----------+-------------------------------------------
     0 | D:1      | blackman the Human Wanderer began the quest for the Orb.
     0 | D:1      | blackman set off with the following items: a +0 club, a +2
                  | scale mail; and the following spells available to memorise:
                  | Freeze, Magic Dart, Frozen Ramparts, Stone Arrow
     0 | D:1      | Reached XP level 1. HP: 16/16 MP: 1/1
   182 | D:1      | Reached XP level 2. HP: 20/22 MP: 2/2
   281 | D:1      | Found a faded altar of an unknown god.
   505 | D:1      | Found Lurgh's General Store.
   639 | D:1      | Reached skill level 4 in Axes
   639 | D:1      | Reached XP level 3. HP: 26/27 MP: 3/3
  1114 | D:2      | Gained mutation: Armour fits poorly on your strangely
                  | shaped body. [potion of mutation]
  1114 | D:2      | Gained mutation: You are weak. (Str -2) [potion of
                  | mutation]
  1114 | D:2      | Gained mutation: You are agile. (Dex +2) [potion of
                  | mutation]
  1726 | D:1      | HP: 1/27 [adder (4)]
  1728 | D:1      | Slain by an adder

Illustrated notes

Levels and vault maps discovered:
D:1:      dpeg_arrival_pond, layout_loops_ring,
          shapermc_ecumenical_altar_hornbeckon, serial_shops, shop_fountains
D:2:      cheibrodos_greedy_goblins, layout_loops_ring

Skill      XL: |  1  2 |
---------------+-------+-----
Axes           | 4 |  4.2
Fighting       | |  2.0
Armour         | |  3.0
Evocations     | |  2.0

Action                   || total
-------------------------++-------
Melee: Club              ||   148
  Use: Potion            ||     1
Armor: Scale mail        ||   112
Dodge: Dodged            ||    91

Table legend: (Time is in decaauts)
 A = Elapsed time spent in this place.
 B = Non-inter-level travel time spent in this place.
 C = Inter-level travel time spent in this place.
 D = Time resting spent in this place.
 E = Time spent auto-exploring this place.
 F = Levels seen in this place.
 G = Mean time per level.
                   A        B        C        D        E       F      G
               +--------+--------+--------+--------+--------+-----+--------+
         Total |   1770 |   1673 |     97 |    553 |    824 |   2 |  885.0 |
       Dungeon |   1770 |   1673 |     97 |    553 |    824 |   2 |  885.0 |
               +--------+--------+--------+--------+--------+-----+--------+

Top non-repeatable levels by time:
     D:1: 1726 daAuts
     D:2: 43 daAuts
